 Dungeon Crawl Stone Soup version 0.26.1-2-gb8aa6d0cf2 (webtiles) character file.

Game seed: 15199663556227176147

415 windgrace the Changer (level 6, -2/51 HPs)
             Began as a Gnoll Wanderer on Feb 15, 2021.
             Was an Initiate of Okawaru.
             Slain by an ice beast (6 damage)
             ... on level 5 of the Dungeon.
             The game lasted 00:13:16 (5137 turns).

windgrace the Changer (Gnoll Wanderer)              Turns: 5137, Time: 00:13:17

Health: -2/51      AC: 10    Str: 16    XL:     6   Next: 91%
Magic:  11/11      EV: 10    Int: 16    God:    Okawaru [......]
Gold:   299        SH:  0    Dex: 13    Spells: 8/12 levels left

rFire    . . .     SeeInvis .   y - +1 hand axe (freeze)
rCold    . . .     Faith    +   (no shield)
rNeg     . . .     Spirit   .   b - +2 scale mail
rPois    .         Reflect  .   f - +0 helmet
rElec    .         Harm     .   (no cloak)
rCorr    .         Rampage  .   (no gloves)
Will     .....                  (no boots)
Stlth    +.........             q - amulet of faith
HPRegen  0.17/turn              m - ring of wizardry
MPRegen  0.12/turn              (no ring)

@: attractive
A: distributed training, fangs 1, strong nose
a: Renounce Religion


You were on level 5 of the Dungeon.
You worshipped Okawaru.
Okawaru was noncommittal.
You visited 1 branch of the dungeon, and saw 5 of its levels.

You collected 299 gold pieces.

Inventory:

Hand Weapons
 a - a +0 spear
 t - a +0 falchion
 u - a +0 flail
 y - a +1 hand axe of freezing (weapon)
Missiles
 d - 39 sling bullets
 e - 6 silver javelins
 v - 16 poisoned darts
 B - 2 boomerangs
Armour
 b - a +2 scale mail (worn)
 f - a +0 helmet (worn)
Jewellery
 m - a ring of wizardry (left hand)
 q - an amulet of faith (around neck)
Scrolls
 c - 6 scrolls of identify {unknown}
 l - 2 scrolls of enchant weapon {unknown}
 o - a scroll of teleportation {unknown}
 p - a scroll of noise {unknown}
 s - 3 scrolls of amnesia {unknown}
 w - a scroll of enchant armour {unknown}
 z - 3 scrolls of remove curse {unknown}
 A - a scroll of magic mapping {unknown}
 C - a scroll of random uselessness {unknown}
Potions
 g - a potion of heal wounds {unknown}
 h - a potion of might {unknown}
 i - a potion of degeneration {unknown}
 j - 2 potions of brilliance {unknown}
 k - 2 potions of lignification {unknown}
 n - 2 potions of attraction
 r - a potion of mutation {unknown}
 x - a potion of berserk rage {unknown}


   Skills:
 + Level 5.1 Fighting
 + Level 2.1 Short Blades
 + Level 2.1 Long Blades
 + Level 2.1 Axes
 + Level 2.1 Maces & Flails
 + Level 2.1 Polearms
 + Level 2.1 Staves
 + Level 2.1 Slings
 + Level 2.1 Bows
 + Level 2.1 Crossbows
 + Level 5.1 Throwing
 + Level 3.4 Armour
 + Level 2.1 Dodging
 + Level 2.1 Stealth
 + Level 2.1 Shields
 + Level 2.1 Unarmed Combat
 + Level 3.5 Spellcasting
 + Level 1.7 Conjurations
 + Level 1.7 Hexes
 + Level 1.7 Summonings
 + Level 1.7 Necromancy
 + Level 2.7 Translocations
 + Level 5.7 Transmutations
 + Level 1.7 Fire Magic
 + Level 1.7 Ice Magic
 + Level 1.7 Air Magic
 + Level 1.7 Earth Magic
 + Level 1.7 Poison Magic
 + Level 2.4 Invocations
 + Level 2.1 Evocations


You had 8 spell levels left.
You knew the following spells:

 Your Spells              Type           Power        Failure   Level
a - Sting                 Tmut/Pois      56%          5%          1
b - Spider Form           Tmut/Pois      7%           16%         3

Your spell library contained the following spells:

 Spells                   Type           Power        Failure   Level


Dungeon Overview and Level Annotations

Branches:
Dungeon (5/15)
 Temple: D:4-7

Altars:
Ashenzari
Cheibriados
Dithmenos
Fedhas
Gozag
Makhleb
Nemelex Xobeh
Okawaru
Qazlal
Sif Muna
Trog
Uskayaw


Innate Abilities, Weirdness & Mutations

Your experience applies equally to all skills.
You have very sharp teeth.
Your uncanny sense of smell can sniff out nearby items.


Message History

You hit the ice beast.
You bite the ice beast, but do no damage.
The ice beast is almost dead.
The ice beast hits you.
* * * LOW HITPOINT WARNING * * *
The ice beast freezes you.
* * * LOW HITPOINT WARNING * * *
You hit the ice beast but do no damage.
You bite the ice beast, but do no damage.
The ice beast is almost dead.
The ice beast closely misses you.
You hit the ice beast but do no damage. You punch the ice beast.
The ice beast is almost dead.
The ice beast closely misses you.
You barely miss the ice beast.
The ice beast is almost dead.
The ice beast hits you.
* * * LOW HITPOINT WARNING * * *
The ice beast freezes you.
You die...

........# ........#
........# ........#
........# . ..<.....# ..
........### ######...
..........# #........
).......(.# #@.......
..........######Y.......
........................
###.#'##..........###...
+...#.##........$.# ..
#####.############# .
......# ....### ....#


You could see an ice beast.

Vanquished Creatures
  A phantom (D:4)
  A jelly (D:5)
  A centaur skeleton (D:4)
  An orc priest (D:3)
  2 worker ants (D:4)
  6 adders
  2 white imps
  An adder skeleton (D:5)
  4 worms
  3 dart slugs
  4 leopard geckos
  5 orcs (D:3)
  4 ball pythons
  9 bats
  3 giant cockroaches
  9 goblins
  8 hobgoblins
  2 jackals (D:4)
  13 kobolds
  3 quokkas
  5 frilled lizards
  10 rats
97 creatures vanquished.

Vanquished Creatures (others)
  50 plants (D:3)
50 creatures vanquished.

Grand Total: 147 creatures vanquished

Notes
Turn   | Place    | Note
-------+----------+-------------------------------------------
     0 | D:1      | windgrace the Gnoll Wanderer began the quest for the Orb.
     0 | D:1      | windgrace set off with the following items: a +0 spear, a
                  | +2 scale mail; and the following spell memorised: Sting;
                  | and the following spells available to memorise: Spider Form
     0 | D:1      | Reached XP level 1. HP: 20/20 MP: 4/4
   110 | D:1      | Reached XP level 2. HP: 26/26 MP: 5/5
   491 | D:1      | Reached XP level 3. HP: 31/31 MP: 7/7
   495 | D:1      | Learned a level 3 spell: Spider Form
  1069 | D:1      | Reached skill level 1 in Invocations
  1419 | D:2      | Reached skill level 1 in Short Blades
  1419 | D:2      | Reached skill level 1 in Long Blades
  1419 | D:2      | Reached skill level 1 in Axes
  1419 | D:2      | Reached skill level 1 in Maces & Flails
  1419 | D:2      | Reached skill level 1 in Polearms
  1419 | D:2      | Reached skill level 1 in Staves
  1419 | D:2      | Reached skill level 1 in Slings
  1419 | D:2      | Reached skill level 1 in Bows
  1419 | D:2      | Reached skill level 1 in Crossbows
  1419 | D:2      | Reached skill level 1 in Dodging
  1419 | D:2      | Reached skill level 1 in Stealth
  1419 | D:2      | Reached skill level 1 in Shields
  1419 | D:2      | Reached skill level 1 in Unarmed Combat
  1419 | D:2      | Reached skill level 1 in Evocations
  1419 | D:2      | Reached XP level 4. HP: 34/38 MP: 8/8
  1851 | D:2      | Found a broken altar of Ashenzari.
  2282 | D:3      | Reached skill level 1 in Conjurations
  2282 | D:3      | Reached skill level 1 in Hexes
  2282 | D:3      | Reached skill level 1 in Summonings
  2282 | D:3      | Reached skill level 1 in Necromancy
  2282 | D:3      | Reached skill level 1 in Fire Magic
  2282 | D:3      | Reached skill level 1 in Ice Magic
  2282 | D:3      | Reached skill level 1 in Air Magic
  2282 | D:3      | Reached skill level 1 in Earth Magic
  2282 | D:3      | Reached skill level 1 in Poison Magic
  2425 | D:3      | Found an iron altar of Okawaru.
  2430 | D:3      | Became a worshipper of Warmaster Okawaru
  2468 | D:3      | Reached XP level 5. HP: 39/43 MP: 9/9
  2521 | D:3      | Found a burning altar of Makhleb.
  2521 | D:3      | Found a snail-covered altar of Cheibriados.
  2522 | D:3      | Found a shadowy altar of Dithmenos.
  2522 | D:3      | Found a blossoming altar of Fedhas.
  2894 | D:3      | Found a bloodstained altar of Trog.
  3630 | D:4      | Found a sparkling altar of Nemelex Xobeh.
  3631 | D:4      | Found an opulent altar of Gozag.
  3701 | D:4      | Found a stormy altar of Qazlal.
  3953 | D:4      | Noticed a phantom
  4007 | D:4      | Killed a phantom
  4008 | D:4      | Reached skill level 5 in Fighting
  4008 | D:4      | Reached skill level 5 in Throwing
  4008 | D:4      | Reached XP level 6. HP: 17/51 MP: 9/11
  4371 | D:4      | Found a hide-covered altar of Uskayaw.
  4569 | D:4      | Found a shimmering blue altar of Sif Muna.
  4856 | D:5      | Entered Level 5 of the Dungeon
  5085 | D:5      | Noticed an ice beast
  5137 | D:5      | Slain by an ice beast

Illustrated notes

Levels and vault maps discovered:
D:1:      psy_arrival_wood_between_worlds, layout_loops_corners,
          minmay_box_of_dots
D:2:      layout_basic, evilmike_ruin_ashenzari, minmay_door_square,
          chequers_serial_rivers_micro_e
D:3:      layout_loops_corners, overflow_temple_1_default, bloody_trog,
          chequers_temple_overflow_statue_of_worship, serial_bayou,
          serial_bayou_crossing, serial_bayou_pond_b, serial_bayou_lagoon_a,
          serial_bayou_pond_b, grunt_decor_fettered, minmay_misc_feat_diagonals
D:4:      layout_loops_ring, grunt_temple_overflow_opulence, kennysheep_mini,
          nicolae_overflow_crystal_walls, lemuel_blue_sif_altar
D:5:      layout_basic

Skill      XL: |  1  2  3  4  5  6 |
---------------+-------------------+-----
Translocations | 2 |  2.7
Invocations    | 1 2 |  2.4
Short Blades   | 1 2 |  2.1
Long Blades    | 1 2 |  2.1
Axes           | 1 2 |  2.1
Maces & Flails | 1 2 |  2.1
Polearms       | 1 2 |  2.1
Staves         | 1 2 |  2.1
Slings         | 1 2 |  2.1
Bows           | 1 2 |  2.1
Crossbows      | 1 2 |  2.1
Dodging        | 1 2 |  2.1
Stealth        | 1 2 |  2.1
Shields        | 1 2 |  2.1
Unarmed Combat | 1 2 |  2.1
Evocations     | 1 2 |  2.1
Spellcasting   | 3 |  3.5
Conjurations   | 1 |  1.7
Hexes          | 1 |  1.7
Summonings     | 1 |  1.7
Necromancy     | 1 |  1.7
Fire Magic     | 1 |  1.7
Ice Magic      | 1 |  1.7
Air Magic      | 1 |  1.7
Earth Magic    | 1 |  1.7
Poison Magic   | 1 |  1.7
Armour         | 3 |  3.4
Fighting       | 5 |  5.1
Throwing       | 5 |  5.1
Transmutations | |  5.7

Action                   |  1- 3 |  4- 6 || total
-------------------------+-------+-------++-------
Melee: Spear             |   158 |    83 ||   241
       Bite              |    20 |    40 ||    60
       Falchion          |       |    91 ||    91
       Hand axe          |       |   144 ||   144
       Unarmed           |       |     9 ||     9
       Punch             |       |     2 ||     2
 Cast: Sting             |     1 |    12 ||    13
       Spider Form       |       |     2 ||     2
  Use: Potion            |       |     1 ||     1
Armor: Scale mail        |    53 |   170 ||   223
Dodge: Dodged            |    46 |   176 ||   222
       Rpst.: Falchion   |       |    18 ||    18
